AoeStats
← malimonkey

Arabia

510182546Analyzed
3v3 RM · 4d ago on Sep 29, 2026· 45m 33s· 6 players
Game mode
Random Map
Map size
Normal (6 player)
Population
200
Speed
Normal
Resources
Standard
Victory
Conquest
Starting age
Dark Age
Ending age
Imperial Age
RankedLock teamsTeams togetherTeam positionsShared explorationLock speedFull tech treeHidden civsTurbo modeCheats
Victory
Defeat
🇺🇾 Magyars · Uruguay
1006
+15
🇺🇾 Spanish · Uruguay
994
+15
🇪🇸 Hindustanis · Spain
979
+16
🇪🇸 Saracens · Spain
1008
-17
🇭🇷 Portuguese · Croatia
1000
-48
🇪🇸 Magyars · Spain
931
-13
Rey Rochelio
0:33 Loom
11:47 Feudal Age
12:54 Double-Bit Axe
12:52 Horse Collar
16:55 Town Watch
17:46 Wheelbarrow
17:08 Gold Mining
17:10 Stone Mining
24:12 Castle Age
24:01 Bloodlines
26:05 Husbandry
27:47 Scale Mail Armor
27:53 Scale Barding Armor
30:06 Bow Saw
30:34 Gold Shaft Mining
30:03 Heavy Plow
30:09 Padded Archer Armor
29:59 Fletching
31:53 Leather Archer Armor
31:11 Elite Skirmisher
34:20 Town Patrol
34:36 Hand Cart
35:46 Chain Mail Armor
35:39 Corvinian Army
37:19 Pikeman
43:41 Chain Barding Armor
43:17 Bodkin Arrow
Peluco el sabio
0:26 Loom
11:26 Feudal Age
17:17 Castle Age
16:03 Double-Bit Axe
26:25 Town Watch
27:45 Pikeman
30:02 Wheelbarrow
32:14 Squires
37:17 Husbandry
39:34 Padded Archer Armor
39:25 Fletching
malimonkey
6:47 Loom
9:34 Feudal Age
15:17 Double-Bit Axe
18:44 Forging
25:36 Castle Age
24:07 Horse Collar
25:58 Stone Mining
26:05 Gold Mining
27:21 Bow Saw
27:22 Pikeman
27:24 Crossbowman
29:55 Fletching
30:16 Padded Archer Armor
35:39 Imperial Age
34:56 Thumb Ring
35:39 Ballistics
36:13 Stone Shaft Mining
36:07 Heavy Plow
36:49 Arbalester
38:07 Bodkin Arrow
38:28 Leather Archer Armor
38:17 Scale Mail Armor
38:55 Crop Rotation
39:10 Bracer
40:21 Arquebus
KingAvedis II
6:43 Loom
12:49 Feudal Age
18:48 Castle Age
17:23 Gold Mining
18:45 Stone Mining
18:45 Double-Bit Axe
25:03 Wheelbarrow
25:06 Horse Collar
29:17 Gold Shaft Mining
30:08 Hand Cart
30:58 Scale Mail Armor
31:09 Forging
33:35 Imperial Age
34:51 Stone Shaft Mining
34:58 Iron Casting
34:39 Chain Mail Armor
33:54 Elite Ghulam
35:33 Squires
35:18 Arson
36:59 Bow Saw
38:57 Two-Man Saw
38:06 Town Watch
39:57 Blast Furnace
40:03 Heavy Plow
43:04 Town Patrol
44:07 Shatagni
44:08 Grand Trunk Road
46:13 Chemistry
45:34 Ballistics
45:26 Masonry
Ticotico
7:32 Loom
11:05 Feudal Age
11:46 Double-Bit Axe
13:51 Bloodlines
22:34 Castle Age
20:46 Stone Mining
20:50 Gold Mining
20:41 Horse Collar
22:35 Light Cavalry
24:08 Scale Barding Armor
24:36 Bow Saw
25:33 Heavy Plow
27:26 Wheelbarrow
27:34 Chain Barding Armor
31:00 Husbandry
32:01 Hand Cart
39:21 Imperial Age
37:00 Corvinian Army
39:34 Cavalier
40:52 Conscription
40:17 Hussar
41:49 Plate Barding Armor
41:03 Paladin
46:37 Two-Man Saw
Chacal
3:51 Loom
11:20 Feudal Age
19:02 Castle Age
17:32 Horse Collar
17:42 Double-Bit Axe
23:42 Bloodlines
26:16 Fletching
34:21 Bodkin Arrow
40:53 Imperial Age
38:00 Elite Skirmisher
39:55 Padded Archer Armor
40:09 Heavy Plow
40:22 Bow Saw
40:31 Gold Mining
42:20 Thumb Ring
44:12 Ballistics
44:53 Chemistry
43:58 Elite Conquistador
44:52 Bracer
Connection lost

Rejoining the realm…

Still unreachable

The connection could not be restored.

Session expired

The server has moved on; the page needs a fresh start.